 Dungeon Crawl Stone Soup version 0.29.1-1-gd02db6906a (webtiles) character file.

Game seed: 13533436603807620946

792220 LyinL the Evocator (level 27, -10/226 HPs)
             Began as a Djinni Conjurer on Oct 16, 2022.
             Was a High Priest of Ashenzari.
             Killed by a mummy priest's death curse (21 damage)
             ... on level 22 of a ziggurat on Oct 19, 2022.
             The game lasted 09:33:21 (64689 turns).

LyinL the Evocator (Djinni Conjurer)               Turns: 64689, Time: 09:33:22

Health: -10/226    AC: 41    Str:  8    XL:     27
Gold:   7355       EV: 22    Int: 29    God:    Ashenzari [*****.] SH: 26 Dex: 17

rFire   + + +      SeeInvis +   J - +8 lance "Wyrmbane" {slay drac, rPois rF+ rC+ AC+3}
rCold   + + +      Faith    .   o - +1 tower shield of the Shattered Stars {rC+, Fort, Self} (curse)
rNeg    + + .      Spirit   .   y - +10 pearl dragon scales "Esoteric Repose" {rN+, Melee, Fort} (curse)
rPois   ∞          Reflect  .   T - +1 hat "Share My Augurer" {Stlth+, Range, Self} (curse)
rElec   +          Harm     .   F - scarf "Bound Oracle" {repulsion, Cun, Melee} (curse)
rCorr   +          Rampage  .   Y - +3 pair of gauntlets of War {Slay+5, Self, Melee} (curse)
Will    ++...      Clarity  +   (boots unavailable)
Stlth   ++........              i - amulet "Shackled Shame" {Regen+, Self, Evo} (curse)
HPRegen 2.07/turn               M - ring of the Cursed Soothsayer {Fly rElec rC+ rCorr, Self, Cun} (curse)
MPRegen 0.00/turn               P - ring of the Oracular Gnosis {rC+ rN+ rCorr EV+4 Str+2, Self, Evo} (curse)

@: resistant, animating dead, flying, studying 6 skills, repel missiles
A: sickness immunity, fire resistance 2, cold vulnerability 1, float, innate
caster, HP casting, extra vitality 1, regeneration 1
}: 6/15 runes: serpentine, barnacled, slimy, silver, golden, abyssal
a: Renounce Religion, Shatter the Chains


You were on level 22 of a ziggurat.
You worshipped Ashenzari.
Ashenzari was extremely pleased with you.
You visited 13 branches of the dungeon, and saw 59 of its levels.
You visited the Abyss 1 time.
You visited 1 bazaar.
You visited 1 ziggurat, and saw 22 of its levels.
You also visited: Bailey and Gauntlet.

You collected 11567 gold pieces.
You spent 4212 gold pieces at shops.

Inventory:

Hand Weapons
 J - the +8 lance "Wyrmbane" (weapon) {slay drac, rPois rF+ rC+ AC+3}
   (You found it on level 20 of a ziggurat)

   It inflicts extra damage against dragons and draconians.
   AC:        It affects your AC (+3).
   rF:        It protects you from fire.
   rC:        It protects you from cold.
   rPois:     It protects you from poison.
Armour
 o - the cursed +1 tower shield of the Shattered Stars (worn) {rC+, Fort, Self}
   (You found it on level 3 of the Crypt)

   It has a curse which improves the following skills: Fortitude: Armour and
   Shields.
   Introspection: Fighting and Spellcasting.
 y - the cursed +10 pearl dragon scales "Esoteric Repose" (worn) {rN+, Melee, Fort}
   (You found it on level 1 of the Depths)

   rN:        It protects you from negative energy.
   It has a curse which improves the following skills: Melee Combat: Short
   Blades, Long Blades, Axes, Maces & Flails, Polearms, Staves and Unarmed
   Combat.
   Fortitude: Armour and Shields.
 F - the cursed scarf "Bound Oracle" (worn) {repulsion, Cun, Melee}
   (You found it on level 5 of the Pits of Slime)

   It has a curse which improves the following skills: Cunning: Dodging and
   Stealth.
   Melee Combat: Short Blades, Long Blades, Axes, Maces & Flails, Polearms,
   Staves and Unarmed Combat.
 T - the cursed +1 hat "Share My Augurer" (worn) {Stlth+, Range, Self}
   (You took it off Gastronok on level 12 of the Dungeon)

   It has a curse which improves the following skills: Ranged Combat: Ranged
   Weapons and Throwing.
   Introspection: Fighting and Spellcasting.
 Y - the cursed +3 pair of gauntlets of War (worn) {Slay+5, Self, Melee}
   (You bought it in a shop on level 3 of the Snake Pit)

   Slay:      It affects your accuracy & damage with ranged weapons and melee
   (+5).
   It has a curse which improves the following skills: Introspection: Fighting
   and Spellcasting.
   Melee Combat: Short Blades, Long Blades, Axes, Maces & Flails, Polearms,
   Staves and Unarmed Combat.
Jewellery
 i - the cursed amulet "Shackled Shame" (around neck) {Regen+, Self, Evo}
   (You acquired it on level 3 of the Snake Pit)

   [amulet of regeneration]

   Regen:     It increases your rate of health regeneration.
   It has a curse which improves the following skills: Introspection: Fighting
   and Spellcasting.
   Evocations: Evocations.
 M - the cursed ring of the Cursed Soothsayer (left hand) {Fly rElec rC+ rCorr, Self, Cun}
   (You found it in a Gauntlet)

   [ring of flight]

   rC:        It protects you from cold.
   rElec:     It insulates you from electricity.
   Fly:       It grants you flight.
   rCorr:     It protects you from acid and corrosion.
   It has a curse which improves the following skills: Introspection: Fighting
   and Spellcasting.
   Cunning:   Dodging and Stealth.
 P - the cursed ring of the Oracular Gnosis (right hand) {rC+ rN+ rCorr EV+4 Str+2, Self, Evo}
   (You found it on level 14 of the Dungeon)

   [ring of evasion]

   EV:        It affects your evasion (+4).
   Str:       It affects your strength (+2).
   rC:        It protects you from cold.
   rN:        It protects you from negative energy.
   rCorr:     It protects you from acid and corrosion.
   It has a curse which improves the following skills: Introspection: Fighting
   and Spellcasting.
   Evocations: Evocations.
Wands
 b - a wand of polymorph (11)
 t - a wand of roots (46)
 C - a wand of mindburst (58)
 E - a wand of paralysis (47)
 H - a wand of quicksilver (46)
 U - a wand of digging (23)
Scrolls
 a - 6 scrolls of poison
 d - 7 scrolls of torment
 e - 39 scrolls of teleportation
 f - 8 scrolls of immolation
 g - 10 scrolls of blinking
 h - 8 scrolls of enchant armour
 m - 15 scrolls of fog
 p - 8 scrolls of vulnerability
 q - 2 scrolls of summoning
 r - 10 scrolls of enchant weapon
 u - 13 scrolls of magic mapping
 x - a scroll of acquirement
 B - 8 scrolls of silence
 D - 9 scrolls of fear
 W - 2 scrolls of brand weapon
Potions
 c - 13 potions of brilliance
 j - 3 potions of mutation
 k - 22 potions of curing
 l - 11 potions of haste
 n - 16 potions of might
 v - 8 potions of berserk rage
 w - 14 potions of heal wounds
 G - 5 potions of invisibility
 I - 6 potions of cancellation
 K - 5 potions of resistance
 L - 2 potions of attraction
 N - 3 potions of ambrosia
Miscellaneous
 z - a lightning rod (4/4)
 A - a piece from Xom's chessboard (15/15)
 R - a tin of tremorstones (2/2)
 S - a phial of floods
 V - a condenser vane
 X - a box of beasts
 Z - a phantom mirror


   Skills:
 - Level 19.7(26.7) Fighting
 - Level 10.0(14.5) Polearms
 - Level 23.8(26.8) Armour
 - Level 22.7(25.8) Dodging
 - Level 1.5(3.8) Stealth
 + Level 23.3(26.3) Shields
 - Level 10.4(14.9) Unarmed Combat
 - Level 20.7(27) Spellcasting
 - Level 24.0(27) Evocations


You couldn't memorise any spells.
You knew the following spells:

 Your Spells              Type           Power      Damage    Failure   Level
a - Magic Dart            Conj           100%       1d8       0%          1
b - Searing Ray           Conj           100%       2d8       0%          2
c - Dazzling Flash        Conj/Hex       100%       N/A       0%          3
d - Fulminant Prism       Conj/Hex       57%        3d25      0%          4
e - Iskenderun's Mystic   Conj/Tloc      100%       2d19      0%          4
f - Sandblast             Erth           100%       2d20      0%          1
g - Scorch                Fire           100%       2d10      0%          2
h - Static Discharge      Conj/Air       100%       3-16/arc  0%          2
i - Animate Dead          Necr           100%       N/A       0%          4
j - Summon Forest         Summ/Tloc      57%        N/A       0%          5
k - Lee's Rapid Deconstr  Erth           57%        3d27*     0%          5
l - Starburst             Conj/Fire      57%        6d15      0%          6
m - Monstrous Menagerie   Summ           57%        N/A       1%          7
n - Conjure Ball Lightni  Conj/Air       57%        3x3d21    0%          6
o - Dragon Form           Tmut           57%        N/A       1%          7
p - Ignition              Fire           57%        3d16      1%          8
q - Lehudib's Crystal Sp  Conj/Erth      57%        10d13     1%          8
r - Polar Vortex          Ice            57%        N/A       3%          9
Your spell library was empty.

Dungeon Overview and Level Annotations

Branches:
Dungeon (15/15)            Temple (1/1) D:6            Lair (5/5) D:9
 Shoals (4/4) Lair:2        Snake (4/4) Lair:2        Slime (5/5) Lair:5
    Orc (2/2) D:9             Elf (3/3) Orc:2        Vaults (5/5) D:14
  Crypt (3/3) Vaults:3       Tomb (3/3) Crypt:3      Depths (4/4) D:15
    Zot (5/5) Depths:4     Bailey (visited)         Gauntlet (visited)

Altars:
Ashenzari
Cheibriados
Dithmenos
Elyvilon
Fedhas
Gozag
Hepliaklqana
Makhleb
Nemelex Xobeh
Okawaru
Qazlal
Ru
Uskayaw
Wu Jian
Xom
Yredelemnul
Zin
The Shining One
Jiyva
Lugonu

Shops:
D:1 [   D:3 (   D:5 [   D:6 ?   D:10 *   Orc:1 [   Orc:2 (:**?   Elf:1 *
Shoals:1 *   Shoals:3 ?   Snake:1 (   Snake:3 [[***   Snake:4 *   Depths:2 !

Portals:
Hell: Depths:1 Depths:2 Depths:3 Depths:4
Abyss: Depths:2 Depths:3
Pandemonium: Orc:2 Depths:2 Depths:4
Ziggurat: Depths:3
Trove: D:10 (give 11 potions of heal wounds)

Annotations:
Vaults:4 6 runed translucent doors


Innate Abilities, Weirdness & Mutations

You are immune to sickness and miasma.
You are immune to poison.
Your flesh is very heat resistant. (rF++)
You are vulnerable to cold. (rC-)
You float through the air rather than walking.
You learn spells naturally, not from books.
Your magical power is your life essence.
You have superior vitality. (+4 MHP)
Your natural rate of healing is unusually fast.


Message History

The fireball engulfs the necrophage!
The necrophage is moderately damaged.
The fireball engulfs the red devil.
The red devil completely resists.
The fireball engulfs the mummy priest!
The mummy priest is severely damaged.
The fireball engulfs the ushabti!
The ushabti resists.
The ushabti is heavily damaged.
The fireball engulfs the royal mummy!!
You destroy the royal mummy!
The fireball engulfs the mummy priest!!
The mummy priest is almost destroyed.
The fireball engulfs the necrophage!!
You destroy the necrophage!
The necrophage's corpse disappears in a puff of smoke!
The fireball engulfs the mummy priest!!!
You destroy the mummy priest!
The rust devil disappears in a puff of smoke!
The fireball engulfs the guardian mummy!!
You destroy the guardian mummy!
The fireball engulfs the red devil.
The red devil completely resists.
The fireball engulfs the ushabti.
The ushabti resists.
The ushabti is severely damaged.
The fireball engulfs the mummy priest.
You destroy the mummy priest!
The red devil disappears in a puff of smoke!
The fireball engulfs the royal mummy!!
The royal mummy is moderately damaged.
You feel a bit more experienced.
The fireball engulfs the ushabti!
The ushabti resists.
The ushabti is almost destroyed.
You feel a bit more experienced.
The fireball engulfs the ushabti.
The ushabti resists.
You destroy the ushabti!
* * * LOW HITPOINT WARNING * * *
You feel extremely nervous for a moment...
Pain shoots through your body!!
* * * LOW HITPOINT WARNING * * *
You feel extremely nervous for a moment...
Pain shoots through your body!!
You die...

* ,, , * , ,
.........▓▓ ,,
..........▓▓
,..M........▓▓ ,,
,............▓▓ , , ,
§.M..§.......▓▓▓▓▓ ,
,, .....§...§....▓▓▓▓
,, ,,
.Z.............▓▓▓ ,
, ,
..§...§@......∩.▓▓ ,
§..............▓▓▓
,..............▓▓▓▓
,,,.............▓▓▓▓▓
,, , ............▓▓ ,
,, ...........▓▓ ,
,..........▓▓ * ,
,,.........▓▓ , , ,
,, **


You could see 2 royal mummies and a friendly death scarab zombie.

Vanquished Creatures
  the Royal Jelly (Slime:5)
  2 dread liches
  An ancient lich (Crypt:2)
  Khufu (Crypt:3)
  Mara (Depths:2)
  4 juggernauts
  Boris (twice) (Vaults:4 Crypt:3)
  28 royal mummies
  Vv (Crypt:3)
  2 Killer Klowns (Zig:7)
  Vashnia (Snake:2)
  12 caustic shrikes
  The ghost of wjh11 the Executioner, a veteran MiBe of Trog (Vaults:4)
  Saint Roka (Depths:1)
  7 golden dragons
  A profane servitor (Crypt:3)
  3 bone dragons
  A pearl dragon (Depths:1)
  6 electric golems (Zot:3)
  12 tentacled monstrosities
  An Orb Guardian (Zot:5)
  An Ice Fiend (Zig:7)
  4 liches
  Asterion (Vaults:2)
  A shard shrike zombie (Crypt:1)
  2 quicksilver dragons
  9 deep elf master archers
  3 titans (Vaults:5)
  2 krakens (Shoals:4)
  8 deep elf blademasters
  10 acid blobs
  5 death cobs
  13 ancient champions
  5 sphinxes
  2 tentacled starspawn (Abyss:3)
  8 storm dragons
  6 tengu reavers
  7 shadow dragons
  2 thorn hunters (Zig:17)
  Roxanne (Shoals:4)
  5 azure jellies
  Donald (Shoals:3)
  2 rockslimes
  5 draconian monks
  2 fenstrider witches
  7 draconian knights
  Aizul (Shoals:3)
  2 revenants
  8 nagarajas
  8 frost giants
  3 fire giants
  4 emperor scorpions
  An orc warlord (Zig:6)
  7 deep elf sorcerers
  3 draconian scorchers (Zot:3)
  An iron dragon (Depths:3)
  Louise (D:15)
  14 vault wardens
  5 ghouls
  9 deep elf elementalists (Elf:3)
  6 draconian shifters
  2 curse skulls
  14 draconian stormcallers
  24 ironbound preservers
  6 ghost moths
  3 draconian annihilators
  7 quicksilver oozes
  A caustic shrike skeleton (Crypt:2)
  A broodmother (Zig:10)
  6 war gargoyles
  4 very ugly things
  4 green draconians
  4 ironbound thunderhulks
  19 stone giants
  2 eleionomae
  An eleionoma (shapeshifter) (Vaults:5)
  10 bennus
  3 purple draconians
  8 deep elf annihilators
  6 vampire knights
  8 entropy weavers
  A minotaur (Gauntlet)
  7 dire elephants
  6 deep elf demonologists
  Azrael (D:14)
  8 yellow draconians
  6 bunyips
  4 red draconians
  5 black draconians
  5 spark wasps
  5 white draconians
  A blizzard demon (Abyss:1)
  11 deep elf death magi
  A crystal guardian (Vaults:4)
  7 eidola
  25 jiangshi
  5 ettins
  Josephine (D:12)
  19 mummy priests
  11 yaktaur captains
  7 merfolk impalers
  5 shambling mangroves
  6 deep elf high priests
  8 green deaths
  6 merfolk javelineers
  7 fire dragons
  19 great orbs of eyes
  5 ice dragons
  4 peacekeepers
  A rakshasa (Depths:3)
  29 vault guards
  2 demonspawn (Orc:2)
  2 ogre magi
  13 hydras
  5 jorogumos
  A boulder beetle (Zig:19)
  A ghost crab (Zig:17)
  5 salamander tyrants
  2 radroaches (Zig:19)
  2 catoblepae
  A spriggan air mage (Zig:3)
  9 centaur warriors
  9 naga warriors
  5 ironbound frosthearts
  9 anacondas
  6 death knights
  Erica (Lair:2)
  A radroach (shapeshifter) (Zig:12)
  The ghost of kernmantle the Covert, a journeyman OpWn of Vehumet (Orc:1)
  7 two-headed ogres
  2 merfolk avatars
  The ghost of Xelitey Juot the Cleaver, a novice MiFi of Cheibriados (Orc:1)
  39 dancing weapons
  6 deep troll shamans
  4 tengu warriors
  35 death scarabs
  5 satyrs
  2 alligator snapping turtles
  16 death yaks
  12 vampire magi
  8 merfolk aquamancers
  8 shock serpents
  A spriggan berserker (Depths:1)
  5 alligators
  12 deep troll earth magi
  10 naga sharpshooters
  Urug (Lair:5)
  A thrashing horror (Abyss:1)
  A soul eater (Zig:13)
  Sonja (D:12)
  4 spriggans
  16 deep elf knights
  11 orc high priests
  A shock serpent (shapeshifter) (Elf:3)
  3 hell knights (Depths:2)
  5 iron trolls
  26 skeletal warriors
  2 titan skeletons
  6 spatial maelstroms (Abyss:3)
  A spectral bunyip (Crypt:3)
  A sun moth (Zig:19)
  6 pharaoh ants
  A goliath frog (shapeshifter) (Zig:7)
  5 salamander mystics
  3 bunyip zombies (Crypt:1)
  6 death drakes
  A sixfirhy (Orc:2)
  8 steelbarb worms
  7 spriggan druids
  7 naga ritualists
  2 glowing orange brains
  2 shadow wraiths
  10 sea snakes
  2 spriggan riders (Zig:17)
  11 orb spiders
  2 goliath frogs
  A shadow demon (Abyss:3)
  An anaconda skeleton (Tomb:3)
  18 deep elf archers
  7 swamp dragons
  68 deep trolls
  10 flayed ghosts
  2 bog bodies
  11 starcursed masses (Abyss:3)
  11 wizards
  14 phantasmal warriors
  2 shadow dragon zombies
  7 lindwurms
  3 obsidian statues
  12 ironbound convokers
  33 deep elf zephyrmancers
  9 orc knights
  10 necromancers
  A spectral iron dragon (Crypt:3)
  11 human zombies
  38 ugly things
  30 deep elf pyromancers
  8 orc sorcerers
  8 wolf spiders
  12 harpies
  2 ugly thing zombies (Depths:2)
  3 stone giant zombies
  15 manticores
  12 mana vipers
  A tengu skeleton (Zig:18)
  2 worldbinders (Abyss:3)
  5 salamanders
  3 shining eyes
  12 fauns
  3 will-o-the-wisps (Zig:17)
  3 ice statues
  2 oklob plants (Lair:5)
  A frost giant zombie (Vaults:3)
  12 vault sentinels
  3 elephants (Lair:5)
  23 moths of wrath
  14 cyclopes
  An apocalypse crab (Zig:7)
  4 merfolk sirens
  4 guardian serpents
  13 naga magi
  4 smoke demons
  8 water nymphs
  26 black mambas
  An orange demon (Depths:2)
  2 cane toads
  An eye of devastation (Slime:4)
  12 torpor snails
  2 gargoyles (D:13)
  2 demonic crawlers (Zig:10)
  A sea snake zombie (Shoals:4)
  3 death yak zombies
  19 yaktaurs
  An unseen horror (D:11)
  6 large abominations
  2 shock serpent skeletons (Crypt:2)
  A green draconian zombie (Crypt:1)
  10 freezing wraiths
  A kobold demonologist (Abyss:3)
  An efreet (D:11)
  3 yaktaur zombies
  5 tengu conjurers
  Maggie (D:6)
  3 rime drakes
  An ancient zyme (Abyss:3)
  A catoblepas zombie (Crypt:2)
  6 komodo dragons
  2 ice devils (Depths:4)
  A tormentor (Depths:4)
  A meliai (Zig:15)
  A pale draconian skeleton (Crypt:1)
  52 guardian mummies
  12 trolls
  A troll (shapeshifter) (Zig:21)
  2 polar bears (Lair:5)
  28 merfolk
  A hellwing (Orc:2)
  A meliai (shapeshifter) (Elf:3)
  3 harpy zombies
  A moth of wrath zombie (Zig:11)
  6 wind drakes
  6 tarantellas
  A bloated husk (Zig:17)
  6 tyrant leeches
  14 hornets
  A hornet (shapeshifter) (D:13)
  A slime creature (shapeshifter) (Zig:7)
  64 slime creatures
  4 merfolk zombies
  Prince Ribbit (D:7)
  3 snapping turtles
  2 fire dragon zombies
  An ettin zombie (Vaults:5)
  5 dream sheep
  8 raiju
  3 black mamba zombies
  A hydra skeleton (Crypt:3)
  6 jumping spiders
  A vampire (D:13)
  15 water elementals
  4 air elementals
  107 flying skulls
  3 shadows
  6 elf zombies
  5 wyverns
  A guardian serpent skeleton (Crypt:2)
  5 culicivoras
  A ynoxinul (Abyss:3)
  A fire dragon skeleton (Crypt:1)
  14 wraiths
  5 fire elementals
  24 yaks
  16 ushabtiu
  14 redbacks
  A black mamba skeleton (Crypt:2)
  A neqoxec (Abyss:3)
  A golden eye (Abyss:1)
  7 steam dragons
  Grum (D:8)
  A human simulacrum (Vaults:5)
  5 basilisks
  5 chaos spawn
  6 vampire mosquitoes
  12 spatial vortices (Abyss:3)
  11 deep troll zombies
  A glowing orange brain zombie (Crypt:2)
  8 wargs
  A harpy simulacrum (Tomb:2)
  A water nymph zombie (Shoals:4)
  2 faun zombies (Shoals:4)
  The ghost of Aldia the Gusty, an amateur TeAE (D:3)
  34 nagas
  17 water moccasins
  3 hell hounds (D:14)
  A two-headed ogre zombie (Zig:11)
  An acid dragon (Zig:2)
  A floating eye (Depths:4)
  A glowing shapeshifter skeleton (Zig:22)
  4 human skeletons
  A swamp drake (Zig:5)
  An ice beast (shapeshifter) (Elf:1)
  3 ice beasts
  A black bear (shapeshifter) (Abyss:3)
  A dream sheep zombie (Lair:5)
  54 orc warriors
  4 sky beasts
  3 black bears
  An elephant zombie (Lair:5)
  An ice dragon simulacrum (Crypt:1)
  10 ogres
  7 boggarts
  10 centaurs
  16 wolves
  A phantom (D:6)
  5 vampire mosquito zombies
  A rime drake zombie (Lair:1)
  A salamander zombie (Snake:4)
  7 kobold brigands
  6 necrophages
  4 bullfrogs
  3 scorpions
  2 cyclops zombies
  A wyvern zombie (Lair:5)
  5 earth elementals
  13 small abominations
  2 water moccasin zombies
  A warg zombie (Depths:1)
  A hornet simulacrum (D:14)
  A queen bee zombie (Crypt:2)
  4 naga zombies
  2 yak zombies (Lair:5)
  2 tengu zombies
  4 killer bees (D:8)
  A shapeshifter skeleton (Crypt:1)
  5 electric eels
  2 wolf zombies
  2 howler monkeys (D:12)
  4 centaur zombies
  2 lava snakes (Lair:5)
  A quasit (Abyss:3)
  A centaur skeleton (Crypt:2)
  8 hounds
  3 jellies
  25 orc priests
  A bullfrog skeleton (Crypt:2)
  2 iguanas
  Jessica (D:2)
  11 orc wizards
  5 hell rats
  3 hound zombies
  59 mummies
  10 gnolls
  A howler monkey skeleton (Crypt:2)
  12 river rats (Lair:3)
  10 adders
  5 shadow imps
  A white imp (D:7)
  2 ufetubi (D:6)
  3 worms
  4 dart slugs
  77 orcs
  3 bats
  9 endoplasms
  5 giant cockroaches
  8 goblins
  10 hobgoblins
  4 jackals (D:2)
  3 quokkas
  7 ball pythons
  3 frilled lizards
  20 kobolds
  4 kobold zombies
  12 orc zombies
  4 rats
  A lurking horror (Abyss:3)
  3 snaplasher vines
  7 tentacles (Shoals:4)
2753 creatures vanquished.

Vanquished Creatures (collateral kills)
  An ancient lich (Zig:12)
  7 royal mummies
  2 caustic shrikes (Depths:4)
  10 golden dragons
  4 tentacled monstrosities
  Mlioglotl (Snake:2)
  A lich (Tomb:1)
  2 titans
  3 sphinxes
  5 acid blobs
  Polyphemus (Shoals:2)
  Gastronok (D:12)
  4 storm dragons
  2 ancient champions (Tomb:3)
  2 shadow dragons (Vaults:5)
  7 rockslimes (Slime:5)
  2 fire giants
  An orc warlord (Orc:1)
  8 vault wardens
  A balrug (Orc:1)
  2 draconian scorchers
  The ghost of p0werm0de the Fighter, a journeyman OpMo of Jiyva (Orc:1)
  2 draconian shifters (Zot:2)
  A caustic shrike zombie (Zig:18)
  2 quicksilver oozes (Slime:5)
  8 ironbound preservers
  A draconian annihilator (Zot:3)
  A broodmother (Zig:19)
  A very ugly thing (Vaults:5)
  6 bennus
  An entropy weaver (Zig:19)
  7 stone giants
  A green draconian (Zot:2)
  A juggernaut skeleton (Tomb:2)
  A vampire knight (Crypt:3)
  6 dire elephants
  A white draconian (Zig:14)
  4 red draconians
  2 black draconians
  A green death (Zig:20)
  4 fire dragons
  3 merfolk javelineers (Shoals:4)
  A jiangshi (Crypt:2)
  A shambling mangrove (Zig:20)
  3 ettins
  3 yaktaur captains
  2 merfolk impalers (Shoals:4)
  10 mummy priests
  A salamander tyrant (Depths:3)
  Erolcha (D:12)
  2 ironbound frosthearts (Vaults:4)
  A bennu zombie (Tomb:3)
  2 vault guards (Vaults:5)
  An anaconda (Snake:2)
  2 merfolk avatars (Shoals:4)
  3 boulder beetles
  A catoblepas (Lair:5)
  2 centaur warriors (D:15)
  A death knight (Crypt:2)
  12 dancing weapons
  A merfolk aquamancer (Zig:16)
  A satyr (Shoals:4)
  A naga warrior (Snake:4)
  5 death yaks
  2 death scarabs (Tomb:1)
  2 deep troll earth magi (Vaults:5)
  A tengu warrior (Depths:3)
  A vampire mage (Crypt:2)
  5 naga sharpshooters
  Nergalle (Lair:2)
  6 deep elf knights
  2 sun moths (Zig:15)
  A storm dragon skeleton (Zig:18)
  An iron troll (Depths:2)
  7 skeletal warriors
  A golden dragon zombie (Vaults:5)
  A flayed ghost (Crypt:2)
  A pharaoh ant (Zig:15)
  2 steelbarb worms
  2 naga ritualists
  13 deep trolls
  4 sea snakes
  An anaconda skeleton (Tomb:2)
  3 deep elf archers
  2 ironbound convokers
  A shadow dragon zombie (Zig:18)
  An orc knight (Orc:1)
  6 deep elf zephyrmancers
  4 harpies
  3 mana vipers (Snake:1)
  3 manticores
  8 ugly things
  An oklob plant (Lair:5)
  An ugly thing zombie (D:14)
  A wolf spider (Zig:19)
  4 deep elf pyromancers
  2 shining eyes (Slime:5)
  11 fauns
  A salamander (shapeshifter) (D:15)
  A cyclops (Shoals:4)
  A will-o-the-wisp (Zig:17)
  A worldbinder (Abyss:3)
  2 salamanders (Snake:4)
  An iron dragon skeleton (Zig:18)
  4 merfolk sirens (Shoals:4)
  3 naga magi
  A guardian serpent (Snake:1)
  2 vault sentinels (Vaults:5)
  A water nymph (shapeshifter) (Vaults:5)
  2 eyes of devastation (Slime:4)
  5 elephants (Lair:5)
  10 black mambas
  A gargoyle (D:14)
  A smoke demon (Depths:4)
  A demonic crawler (Zig:15)
  Psyche (D:10)
  A dire elephant skeleton (Tomb:1)
  A hellion (Abyss:3)
  A torpor snail (Zig:19)
  An efreet (D:14)
  A kobold demonologist (Abyss:3)
  2 komodo dragons
  14 guardian mummies
  A polar bear (shapeshifter) (Zig:21)
  6 merfolk
  4 hornets
  A troll (D:14)
  6 wind drakes
  14 slime creatures
  6 dream sheep
  2 snapping turtles
  A jumping spider (Zig:15)
  A black mamba zombie (Snake:4)
  12 flying skulls
  27 yaks
  6 ushabtiu
  A wyvern (Lair:5)
  8 water elementals
  2 ynoxinuls
  An orc zombie (Elf:2)
  3 fire elementals
  A basilisk (shapeshifter) (Abyss:3)
  A basilisk (Lair:2)
  A vampire mosquito (D:13)
  A warg (Orc:1)
  A deep troll zombie (Vaults:4)
  6 nagas
  A faun zombie (Shoals:4)
  2 water moccasins (Lair:4)
  A black bear (shapeshifter) (Abyss:3)
  10 orc warriors
  A human zombie (Vaults:3)
  4 boggarts (D:14)
  4 ogres
  A wolf (Lair:5)
  7 centaurs
  2 yaktaur zombies
  4 bullfrogs
  An earth elemental (Zig:21)
  2 tengu zombies
  A troll zombie (Zig:11)
  2 howler monkeys (D:10)
  An electric eel (D:13)
  A hound (D:9)
  5 orc priests
  6 orc wizards
  3 hell rats (Lair:2)
  15 mummies
  17 orcs
  9 kobolds
  3 ball lightnings
  2 butterflies (Lair:5)
  A lurking horror (Abyss:3)
  2 snaplasher vines
565 creatures vanquished.

Vanquished Creatures (others)
  A juggernaut (Zig:6)
  3 royal mummies (Tomb:1)
  A Killer Klown (Zot:5)
  A curse toe (Zot:1)
  5 golden dragons
  A hellephant (Depths:3)
  2 tentacled monstrosities
  2 quicksilver dragons
  An ancient champion (Tomb:3)
  A storm dragon (Zot:2)
  A fire giant (Depths:2)
  A frost giant (Vaults:3)
  A draconian scorcher (Zot:2)
  A ghoul (Vaults:3)
  A vault warden (Vaults:4)
  An ironbound thunderhulk (Vaults:3)
  A very ugly thing (Depths:1)
  A green draconian (Depths:4)
  A stone giant (Vaults:5)
  An ophan (Depths:1)
  A vampire knight (Crypt:1)
  2 rockslime zombies
  An apis (Depths:1)
  A red draconian (Depths:4)
  A yellow draconian (Zot:1)
  2 dire elephants (Vaults:4)
  An ettin (Depths:2)
  A quicksilver dragon zombie (Vaults:5)
  3 acid blob zombies (Slime:5)
  A fenstrider witch zombie (Zig:20)
  2 fire dragons (Depths:3)
  A yaktaur captain (Vaults:3)
  11 bennu zombies
  A deep troll shaman (Depths:2)
  A quicksilver ooze zombie (Slime:5)
  A deep troll earth mage (Depths:2)
  A spriggan berserker (Depths:3)
  3 storm dragon zombies
  An entropy weaver zombie (Vaults:4)
  An iron troll (Depths:1)
  A golden dragon zombie (Zot:3)
  A bunyip zombie (Zig:20)
  A spark wasp zombie (Depths:3)
  A spriggan druid (Zig:17)
  A sphinx zombie (Vaults:5)
  2 deep trolls (Vaults:4)
  8 ugly thing zombies
  A bog body (Zig:17)
  A wizard (D:15)
  A harpy (Shoals:2)
  7 draconian zombies
  2 wolf spider zombies (Zig:19)
  2 shadow dragon zombies (Vaults:5)
  3 frost giant zombies
  2 stone giant zombies
  A manticore (Shoals:4)
  6 death scarab zombies
  3 centaur zombies (D:15)
  2 shock serpent zombies (Snake:4)
  A green draconian zombie (Zot:3)
  A freezing wraith (Vaults:3)
  A sea snake zombie (Shoals:4)
  A red draconian zombie (Depths:4)
  2 yaktaurs (Vaults:2)
  An iron troll zombie (Depths:2)
  A redback zombie (Vaults:4)
  A death yak zombie (Lair:3)
  3 black draconian zombies
  A yellow draconian zombie (Zig:14)
  A catoblepas zombie (Lair:5)
  A tormentor (Abyss:3)
  A mana viper zombie (Snake:4)
  2 harpy zombies (Shoals:4)
  2 hornets (Zig:17)
  A wind drake (Shoals:4)
  A merfolk (Zig:16)
  5 hydra zombies
  A jumping spider zombie (Zig:19)
  3 moth of wrath zombies
  2 death drake zombies (Zig:20)
  A tarantella zombie (Zig:19)
  A sun moth zombie (Zig:19)
  2 ettin zombies
  A culicivora zombie (Vaults:4)
  2 alligator zombies (Zig:20)
  6 black mamba zombies
  An ice dragon zombie (Depths:4)
  7 great orb of eyes zombies
  13 slime creature zombies
  2 wind drake zombies (Shoals:4)
  A tyrant leech zombie (Zig:17)
  12 deep troll zombies
  4 merfolk zombies
  41 human zombies
  2 faun zombies (Shoals:4)
  5 dream sheep zombies
  3 elephant zombies (Lair:5)
  2 manticore zombies
  2 hornet zombies (Zig:20)
  2 swamp dragon zombies
  2 lindwurm zombies (Vaults:1)
  10 elf zombies
  A vampire mosquito zombie (D:13)
  A komodo dragon zombie (Lair:5)
  5 yaktaur zombies
  A salamander zombie (Snake:4)
  A wyvern zombie (Lair:5)
  2 warg zombies
  4 spriggan zombies (Zig:20)
  4 naga zombies (Snake:4)
  16 yak zombies (Lair:5)
  A polar bear zombie (Lair:5)
  A raiju zombie (Abyss:3)
  3 tengu zombies
  2 troll zombies
  4 wolf zombies (Lair:5)
  A basilisk zombie (Abyss:3)
  A black bear zombie (Abyss:3)
  3 ogre zombies
  A hound zombie (D:9)
  61 orc zombies
  An orc (Vaults:5)
  2 gnoll zombies (D:7)
  3 kobold zombies
  74 ball lightnings
  7 foxfires (Zig:17)
  434 fulminant prisms
  38 fungi
  368 plants
  9 snaplasher vines
  4 starspawn tentacles (Abyss:3)
  7 tentacles (Shoals:4)
1326 creatures vanquished.

Grand Total: 4644 creatures vanquished

Notes
Turn   | Place    | Note
-------+----------+-------------------------------------------
     0 | D:1      | LyinL the Djinni Conjurer began the quest for the Orb.
     0 | D:1      | LyinL set off with the following spells memorised: Magic
                  | Dart, Searing Ray, Dazzling Flash, Fulminant Prism,
                  | Iskenderun's Mystic Blast.
     0 | D:1      | Reached XP level 1. HP: 15/15 MP: 0/0
   255 | D:1      | Found a faded altar of an unknown god.
   313 | D:1      | Reached XP level 2. HP: 20/22 MP: 0/0
   724 | D:1      | Reached skill level 1 in Fighting
  1036 | D:1      | Reached XP level 3. HP: 24/27 MP: 0/0
  1036 | D:1      | Learned a level 1 spell: Sandblast
  1110 | D:1      | Found Jeppie's Armour Boutique.
  1647 | D:2      | Reached XP level 4. HP: 28/32 MP: 0/0
  1693 | D:2      | Noticed Jessica
  1698 | D:2      | Killed Jessica
  1993 | D:2      | You are sucked into a shaft and drop 1 floor!
  2040 | D:3      | Reached XP level 5. HP: 34/37 MP: 0/0
  2040 | D:3      | Learned a level 2 spell: Scorch
  2189 | D:3      | Noticed Aldia's ghost (amateur TeAE)
  2190 | D:3      | Found a runed translucent door.
  2699 | D:3      | Found Sejoim's Weapon Boutique.
  3099 | D:3      | Killed Aldia's ghost
  3100 | D:3      | Reached skill level 5 in Spellcasting
  3100 | D:3      | Reached XP level 6. HP: 24/42 MP: 0/0
  3667 | D:4      | Reached XP level 7. HP: 33/47 MP: 0/0
  3667 | D:4      | Learned a level 2 spell: Static Discharge
  4510 | D:5      | Entered Level 5 of the Dungeon
  4560 | D:5      | Found Diebbem's Antique Armour Shoppe.
  4673 | D:5      | Noticed a water moccasin
  4681 | D:5      | Killed a water moccasin
  4682 | D:5      | Reached XP level 8. HP: 32/52 MP: 0/0
  5234 | D:5      | Found the +7 Kryia's mail coat {PotionHeal*2 rC+}
  5958 | D:6      | Noticed Maggie
  5978 | D:6      | Killed Maggie
  5979 | D:6      | Reached XP level 9. HP: 31/58 MP: 0/0
  5979 | D:6      | Learned a level 4 spell: Animate Dead
  6163 | D:6      | Found Qaifukh's Magic Scroll Shoppe.
  6298 | D:6      | Found a staircase to the Ecumenical Temple.
  6538 | Temple   | Entered the Ecumenical Temple
  6701 | Temple   | Became a worshipper of Ashenzari the Shackled
  6838 | D:6      | Reached skill level 1 in Shields
  7275 | D:7      | Found a snail-covered altar of Cheibriados.
  7817 | D:7      | Noticed Prince Ribbit
  7826 | D:7      | Killed Prince Ribbit
  7827 | D:7      | Reached skill level 10 in Spellcasting
  7827 | D:7      | Reached XP level 10. HP: 46/63 MP: 0/0
  8786 | D:8      | Noticed a manticore
  8786 | D:8      | Noticed a fire crab
  8787 | D:8      | Noticed a boulder beetle
  8795 | D:8      | Noticed a cyclops
  9024 | D:8      | Reached skill level 5 in Shields
  9070 | D:8      | Found a flagged portal.
  9186 | Bailey   | Entered a bailey
  9287 | Bailey   | Noticed an orc knight
  9305 | Bailey   | Killed an orc knight
  9589 | Bailey   | Found a large runed translucent door.
  9589 | Bailey   | Found a large runed translucent door.
  9590 | Bailey   | Noticed a deep elf pyromancer
  9685 | Bailey   | Killed a deep elf pyromancer
  9713 | Bailey   | Identified the +6 scale mail of Cemiw {rF+ Regen+}
 10205 | D:8      | Noticed an ettin
 10218 | D:8      | Noticed an obsidian statue
 10219 | D:8      | Noticed an ice devil
 10323 | D:8      | Killed an obsidian statue
 10324 | D:8      | Reached XP level 11. HP: 48/70 MP: 0/0
 10324 | D:8      | Learned a level 5 spell: Summon Forest
 10860 | D:8      | Noticed Grum
 10862 | D:8      | Killed Grum
 11361 | D:9      | Reached * piety under Ashenzari
 11361 | D:9      | Identified a scroll of acquirement
 11409 | D:9      | Found a staircase to the Orcish Mines.
 11961 | D:9      | Found a staircase to the Lair.
 12441 | D:9      | Reached ** piety under Ashenzari
 12507 | D:10     | Entered Level 10 of the Dungeon
 12507 | D:10     | Noticed Psyche
 12512 | D:10     | Killed Psyche
 12831 | D:10     | Noticed a two-headed ogre
 12847 | D:10     | Killed a two-headed ogre
 13019 | D:10     | Found Bisoep's Assorted Antiques.
 13238 | D:10     | Noticed a manticore
 13256 | D:10     | Killed a manticore
 13300 | D:10     | Found a portal to a secret trove of treasure.
 13305 | D:10     | Reached skill level 5 in Fighting
 13472 | D:11     | Noticed a white ugly thing
 13477 | D:11     | Killed a white ugly thing
 13747 | D:11     | Reached XP level 12. HP: 78/85 MP: 0/0
 13748 | D:11     | Noticed a two-headed ogre
 13754 | D:11     | Killed a two-headed ogre
 13792 | D:11     | Reached *** piety under Ashenzari
 13992 | D:11     | Gained mutation: Your mind is acute. (Int +4, Str/Dex -1)
                  | [potion of mutation]
 13992 | D:11     | Gained mutation: Your spells are a little harder to cast,
                  | but a little more powerful. [potion of mutation]
 13992 | D:11     | Gained mutation: You are agile. (Dex +4, Str/Int -1)
                  | [potion of mutation]
 13992 | D:11     | Gained mutation: You have a beak for a mouth. [potion of
                  | mutation]
 14115 | D:12     | Noticed Sonja
 14121 | D:12     | Killed Sonja
 14193 | D:12     | Noticed Josephine
 14200 | D:12     | Killed Josephine
 14244 | D:12     | Noticed a two-headed ogre
 14250 | D:12     | Killed a two-headed ogre
 14511 | D:12     | Noticed Gastronok
 14514 | D:12     | Noticed Erolcha
 14523 | D:12     | Killed Erolcha
 14701 | D:12     | Noticed an eight-headed hydra
 14708 | D:12     | Killed an eight-headed hydra
 14854 | D:12     | Noticed a two-headed ogre
 14864 | D:12     | Killed a two-headed ogre
 15087 | D:13     | Noticed a two-headed ogre
 15098 | D:13     | Killed a two-headed ogre
 15099 | D:13     | Reached XP level 13. HP: 57/96 MP: 0/0
 15099 | D:13     | Learned a level 5 spell: Lee's Rapid Deconstruction
 15177 | D:13     | Identified the cursed +0 pair of gloves of Ashenzari's
                  | Visionary {Self, Range} (You found it on level 1 of the
                  | Dungeon)
 15325 | D:13     | Noticed a four-headed hydra
 15331 | D:13     | Killed a four-headed hydra
 15338 | D:13     | Noticed a centaur warrior
 15422 | D:13     | Killed a centaur warrior
 15678 | D:13     | Noticed a centaur warrior
 15682 | D:13     | Killed a centaur warrior
 16177 | D:14     | Noticed a boulder beetle
 16210 | D:14     | Reached skill level 10 in Fighting
 16221 | D:14     | Killed a boulder beetle
 16358 | D:14     | Identified the ring "Zacetetz" {rC+ rN+ rCorr EV+4 Str+2}
 16417 | D:14     | Noticed an ironbound preserver
 16424 | D:14     | Noticed a boulder beetle
 16429 | D:14     | Killed an ironbound preserver
 16430 | D:14     | Reached XP level 14. HP: 105/108 MP: 0/0
 16507 | D:14     | Found a gate to the Vaults.
 16580 | D:14     | Noticed Azrael
 16587 | D:14     | Killed Azrael
 17075 | D:12     | Killed Gastronok
 17212 | Lair:1   | Entered Level 1 of the Lair of Beasts
 17442 | Lair:1   | Found the +2 Maxwell's thermic engine {flame, freeze}
 17745 | Lair:1   | Identified the +2 chain mail of Parlour Games {rC+++ rN++
                  | Int-2 Stlth+}
 17995 | Lair:2   | Reached skill level 15 in Spellcasting
 18086 | Lair:2   | Noticed Nergalle
 18095 | Lair:2   | Killed Nergalle
 18130 | Lair:2   | Found a staircase to the Shoals.
 18452 | Lair:2   | Found a staircase to the Snake Pit.
 18469 | Lair:2   | Noticed Erica
 18475 | Lair:2   | Killed Erica
 19994 | Lair:4   | Reached XP level 15. HP: 69/124 MP: 0/0
 19994 | Lair:4   | Learned a level 6 spell: Starburst
 20746 | Lair:5   | Entered Level 5 of the Lair of Beasts
 20962 | Lair:5   | Found a runed translucent door.
 21023 | Lair:5   | Noticed Urug
 21034 | Lair:5   | Killed Urug
 21572 | Lair:5   | Found a viscous altar of Jiyva.
 21579 | Lair:5   | Found a staircase to the Slime Pits.
 21771 | Lair:5   | Reached XP level 16. HP: 119/130 MP: 0/0
 22451 | Orc:1    | Entered Level 1 of the Orcish Mines
 22769 | Orc:1    | Found a runed translucent door.
 22928 | Orc:1    | Found a runed translucent gate.
 22928 | Orc:1    | Found a runed translucent gate.
 22928 | Orc:1    | Found a runed translucent gate.
 22929 | Orc:1    | Noticed kernmantle's ghost (journeyman OpWn)
 22930 | Orc:1    | Noticed p0werm0de's ghost (journeyman OpMo)
 22930 | Orc:1    | Noticed Xelitey Juot's ghost (novice MiFi)
 22930 | Orc:1    | Identified the Book of Gritty Leadership
 22993 | Orc:1    | Killed kernmantle's ghost
 22995 | Orc:1    | Killed p0werm0de's ghost
 23004 | Orc:1    | Killed Xelitey Juot's ghost
 23249 | Orc:1    | Found Borrodgh's Armour Shoppe.
 23337 | Orc:2    | Entered Level 2 of the Orcish Mines
 23409 | Orc:2    | Found a staircase to the Elven Halls.
 23432 | Orc:2    | Found a gate leading to a gauntlet.
 23456 | Orc:2    | Found Gusosyr's General Store.
 23550 | Gauntlet | Entered a Gauntlet
 23550 | Gauntlet | Found a transporter.
 23550 | Gauntlet | Found a transporter.
 23551 | Gauntlet | Found a transporter.
 23552 | Gauntlet | Found a transporter.
 23553 | Gauntlet | Found a transporter.
 23592 | Gauntlet | Found a transporter.
 23594 | Gauntlet | Found a transporter.
 23595 | Gauntlet | Acquired a ring of positive energy
 23596 | Gauntlet | Acquired a manual of Staves
 23610 | Gauntlet | Found a transporter.
 23628 | Gauntlet | Found a runed translucent door.
 23632 | Gauntlet | Found a transporter.
 23637 | Gauntlet | Identified the ring of Tobb {Fly rElec rC+ rCorr}
 23646 | Gauntlet | Found a transporter.
 23649 | Gauntlet | Found a transporter.
 23658 | Gauntlet | Found a transporter.
 24000 | Gauntlet | Reached skill level 15 in Fighting
 24117 | Gauntlet | Identified Myaruz's Codex of Evolution
 24117 | Gauntlet | Identified the +3 tower shield of Evolution {-Cast Drain
                  | rPois SInv}
 24117 | Gauntlet | Identified the amulet "Goyplug" {RegenMP rF+}
 24118 | Gauntlet | Found the +8 demon trident "Rift" {distort, reach+}
 24374 | Orc:2    | Found a burning altar of Makhleb.
 24568 | Orc:2    | Found Jomesiklyi's General Store.
 24571 | Orc:2    | Found Osiolej's Magic Scroll Boutique.
 24735 | Orc:2    | Reached skill level 5 in Dodging
 24862 | Orc:2    | Found Giedwy's Antique Weapon Emporium.
 24862 | Orc:2    | Found a one-way gate leading to the halls of Pandemonium.
 24862 | Orc:2    | Found Come's Book Shoppe.
 25268 | D:15     | Entered Level 15 of the Dungeon
 25361 | D:15     | Reached XP level 17. HP: 71/141 MP: 0/0
 25361 | D:15     | Learned a level 7 spell: Monstrous Menagerie
 25604 | D:15     | Noticed Louise
 25610 | D:15     | Killed Louise
 25687 | D:15     | Found a staircase to the Depths.
 26057 | Snake:1  | Entered Level 1 of the Snake Pit
 26152 | Snake:1  | Reached **** piety under Ashenzari
 26507 | Snake:1  | Reached ***** piety under Ashenzari
 26584 | Snake:1  | Found Lyof's Antique Weapon Shop.
 27145 | Snake:2  | Noticed Mlioglotl
 27156 | Snake:2  | Killed Mlioglotl
 27918 | Snake:2  | Noticed Vashnia
 27951 | Snake:2  | Killed Vashnia
 27952 | Snake:2  | Reached XP level 18. HP: 56/161 MP: 0/0
 28503 | Snake:3  | Found Roduev's Armour Boutique.
 28509 | Snake:3  | Bought the +4 troll leather armour of the Doldrums {Rampage
                  | Will+ Regen+} for 761 gold pieces
 28651 | Snake:3  | Found Zucod's Specific Store.
 28655 | Snake:3  | Found Bumipt's General Store.
 28692 | Snake:3  | Found Leamoar's Assorted Antiques.
 28696 | Snake:3  | Found Cigeav's Armour Shop.
 29128 | Snake:4  | Entered Level 4 of the Snake Pit
 29473 | Snake:4  | Found Ihalash's General Store.
 29486 | Snake:4  | Bought the +8 trishula "Condemnation" {holy, anguish,
                  | *Noise Fly rN+} for 1630 gold pieces
 29486 | Snake:4  | Found the +8 trishula "Condemnation" {holy, anguish, *Noise
                  | Fly rN+}
 29809 | Snake:4  | Got a serpentine rune of Zot
 30233 | Shoals:1 | Entered Level 1 of the Shoals
 30305 | Shoals:1 | Reached ****** piety under Ashenzari
 30488 | Elf:1    | Entered Level 1 of the Elven Halls
 30574 | Elf:1    | Reached skill level 1 in Evocations
 30575 | Elf:1    | Reached skill level 2 in Evocations
 30575 | Elf:1    | Reached XP level 19. HP: 170/174 MP: 0/0
 30575 | Elf:1    | Learned a level 6 spell: Conjure Ball Lightning
 30606 | Elf:1    | Reached skill level 3 in Evocations
 30820 | Elf:1    | Reached skill level 4 in Evocations
 30939 | Elf:1    | Found Jaahon's Assorted Antiques.
 30944 | Elf:1    | Reached skill level 5 in Evocations
 30950 | Elf:1    | Bought a dented brass amulet for 130 gold pieces
 31144 | Elf:1    | Reached skill level 6 in Evocations
 31421 | Elf:2    | Reached skill level 7 in Evocations
 31468 | Elf:2    | Reached skill level 8 in Evocations
 31518 | Elf:2    | Identified the +4 scimitar "Lusewn" {venom, Contam rN+++
                  | Int+4 Stlth+}
 31532 | Elf:2    | Identified the +0 robe of Bohavveu {rF+}
 31633 | Elf:2    | Found a runed translucent gate.
 31633 | Elf:2    | Found a runed translucent gate.
 31633 | Elf:2    | Found a runed translucent gate.
 31649 | Elf:2    | Reached skill level 9 in Evocations
 31731 | Elf:2    | Noticed a deep elf blademaster
 31744 | Elf:2    | Killed a deep elf blademaster
 31832 | Elf:2    | Reached skill level 10 in Evocations
 31934 | Elf:2    | Reached skill level 11 in Evocations
 32644 | Shoals:1 | Reached XP level 20. HP: 73/174 MP: 0/0
 32867 | Shoals:1 | Found Lagrul's Gadget Gallery.
 33486 | Shoals:2 | Reached skill level 10 in Shields
 34314 | Shoals:2 | Noticed Polyphemus
 34324 | Shoals:2 | Killed Polyphemus
 34402 | Shoals:3 | Noticed Donald
 34407 | Shoals:3 | Killed Donald
 34408 | Shoals:3 | Reached skill level 10 in Dodging
 34469 | Shoals:3 | Found Tavohyqu's Magic Scroll Boutique.
 34712 | Shoals:3 | Noticed Aizul
 34736 | Shoals:3 | Killed Aizul
 35238 | Shoals:4 | Entered Level 4 of the Shoals
 35358 | Shoals:4 | Identified the +8 flail of Gokkiet {elec, rElec rPois rC-
                  | SInv}
 35529 | Shoals:4 | Noticed Roxanne
 35568 | Shoals:4 | Reached XP level 21. HP: 111/187 MP: 0/0
 35568 | Shoals:4 | Learned a level 7 spell: Dragon Form
 35693 | Shoals:4 | Identified the +5 mace "Sabujym" {distort, Fly rPois rC+
                  | Int+3}
 35727 | Shoals:4 | Killed Roxanne
 35860 | Shoals:4 | Identified the +2 trident "Jush" {vorpal, rN+ Int+9}
 36083 | Shoals:4 | Got a barnacled rune of Zot
 36637 | Elf:3    | Entered Level 3 of the Elven Halls
 36687 | Elf:3    | Paralysed by an air elemental for 1 turns
 37086 | Elf:3    | Identified the +6 dire flail of Tyfenant {venom, *Corrode
                  | rPois rF++ Stlth+}
 37086 | Elf:3    | Identified the +1 leather armour of Valypioq {Str+2}
 37087 | Elf:3    | Identified the +10 whip of the Sixty-Six Hosts {antimagic,
                  | rC- Will+ Str+2 Int+4}
 37087 | Elf:3    | Identified the +11 spear "Ziledoc" {flame, Contam *Slow
                  | rElec Int+6}
 37118 | Elf:3    | Identified the +0 robe of Wutyagak {rC+ rN+ Str+4}
 37474 | Elf:3    | Found a runed translucent gate.
 37479 | Elf:3    | Found a runed translucent gate.
 37479 | Elf:3    | Found a runed translucent gate.
 37611 | Elf:3    | Lost mutation: Your mind is acute. (Int +4, Str/Dex -1)
                  | [potion of mutation]
 37611 | Elf:3    | Lost mutation: You have a beak for a mouth. [potion of
                  | mutation]
 37611 | Elf:3    | Lost mutation: Your spells are a little harder to cast, but
                  | a little more powerful. [potion of mutation]
 37611 | Elf:3    | Gained mutation: You occasionally shout uncontrollably at
                  | your foes. [potion of mutation]
 37959 | Elf:3    | Reached XP level 22. HP: 132/193 MP: 0/0
 38013 | Elf:3    | Identified the +6 sling "Worm's Wrath" {speed, rC+ Dex+5}
 38258 | Vaults:1 | Entered Level 1 of the Vaults
 38572 | Vaults:1 | Reached skill level 15 in Dodging
 38572 | Vaults:1 | Reached skill level 15 in Shields
 39222 | Vaults:1 | Noticed a golden dragon
 39595 | Vaults:1 | Killed a golden dragon
 40430 | Vaults:2 | Reached skill level 1 in Armour
 40488 | Vaults:2 | Reached skill level 1 in Polearms
 40754 | Vaults:2 | Noticed Asterion
 40762 | Vaults:2 | Killed Asterion
 41407 | Vaults:3 | Reached skill level 5 in Polearms
 41810 | Vaults:3 | Reached XP level 23. HP: 170/201 MP: 0/0
 41810 | Vaults:3 | Learned a level 8 spell: Ignition
 41952 | Vaults:3 | Lost mutation: You occasionally shout uncontrollably at
                  | your foes. [potion of mutation]
 41952 | Vaults:3 | Lost mutation: You are agile. (Dex +4, Str/Int -1) [potion
                  | of mutation]
 41952 | Vaults:3 | Gained mutation: You are covered in fur. (AC +1) [potion of
                  | mutation]
 41952 | Vaults:3 | Gained mutation: You are partially covered in iridescent
                  | scales. (AC +2) [potion of mutation]
 42196 | Vaults:3 | Found a staircase to the Crypt.
 42862 | Vaults:4 | Found a flickering gateway to a bazaar.
 42873 | Bazaar   | Entered a bazaar
 42873 | Bazaar   | Found Muuh's Assorted Antiques.
 42873 | Bazaar   | Found Doablime's Distillery.
 42873 | Bazaar   | Found Itedais's Book Emporium.
 42873 | Bazaar   | Found Tonor's Antique Armour Emporium.
 42913 | Bazaar   | Bought a dented ruby amulet for 155 gold pieces
 42918 | Bazaar   | Bought a runed leather armour for 135 gold pieces
 42918 | Bazaar   | Bought a glowing scarf for 216 gold pieces
 42922 | Bazaar   | Bought a potion of haste for 100 gold pieces
 42922 | Bazaar   | Bought a potion of haste for 100 gold pieces
 43202 | Vaults:4 | Identified the cursed scarf of Supernal Knowledge {+Inv,
                  | Self, Range} (You found it in a Gauntlet)
 43202 | Vaults:4 | Identified the cursed +1 hat "Share My Augurer" {Stlth+,
                  | Range, Self} (You took it off Gastronok on level 12 of the
                  | Dungeon)
 43202 | Vaults:4 | Identified the cursed +1 kite shield "Regret of the Bound
                  | God" {AC+3, Fort, Self} (You took it off a tengu warrior on
                  | level 14 of the Dungeon)
 43389 | Vaults:4 | Reached skill level 10 in Polearms
 43467 | Vaults:4 | Found a large runed translucent door.
 43467 | Vaults:4 | Found a large runed translucent door.
 43468 | Vaults:4 | Found a large runed translucent door.
 43468 | Vaults:4 | Found a large runed translucent door.
 43468 | Vaults:4 | Found a large runed translucent door.
 43468 | Vaults:4 | Found a large runed translucent door.
 43468 | Vaults:4 | Found a large runed translucent door.
 43468 | Vaults:4 | Found a large runed translucent door.
 43468 | Vaults:4 | Noticed wjh11's ghost (veteran MiBe)
 43496 | Vaults:4 | Killed wjh11's ghost
 43593 | Vaults:4 | Noticed Boris
 43607 | Vaults:4 | Killed Boris
 43737 | Vaults:4 | Reached XP level 24. HP: 150/208 MP: 0/0
 43962 | Vaults:4 | Reached skill level 5 in Armour
 44211 | Vaults:5 | Entered Level 5 of the Vaults
 44246 | Vaults:5 | Identified the +8 flail of Tecsaam {chaos, rN+ Str+2}
 44269 | Vaults:5 | Noticed a golden dragon
 44270 | Vaults:5 | Reached skill level 10 in Armour
 44272 | Vaults:5 | Noticed a golden dragon
 44274 | Vaults:5 | Found the +0 staff of Battle
 44281 | Vaults:5 | Killed a golden dragon
 44293 | Vaults:5 | Killed a golden dragon
 44300 | Vaults:5 | Noticed a golden dragon
 44313 | Vaults:5 | Killed a golden dragon
 44397 | Vaults:5 | Noticed a golden dragon
 44404 | Vaults:5 | Killed a golden dragon
 44407 | Vaults:5 | Reached XP level 25. HP: 71/214 MP: 0/0
 44407 | Vaults:5 | Learned a level 8 spell: Lehudib's Crystal Spear
 44512 | Vaults:5 | Identified the +0 robe of the Monk {Rampage rElec Stlth+}
 44542 | Vaults:5 | Got a silver rune of Zot
 44693 | Vaults:5 | Identified Saott's Quarto of Incandescence
 44695 | Vaults:5 | Identified the ring "Maodiene" {rF- rC++ EV+4}
 44695 | Vaults:5 | Identified the ring of the Hundredfold Demons {rF+ rCorr
                  | Int+2 Stlth-}
 44696 | Vaults:5 | Identified the ring of Enotuj {rElec rPois rC+ SInv}
 44698 | Vaults:5 | Identified the +7 great sword of Nemelex Xobeh's Grace
                  | {vorpal, rCorr Str+4}
 44935 | Vaults:5 | Reached skill level 12 in Evocations
 46076 | D:5      | Bought a runed cloak for 225 gold pieces
 46471 | Snake:3  | Bought the +3 pair of gauntlets of War {Slay+5} for 760
                  | gold pieces
 46471 | Snake:3  | Found the +3 pair of gauntlets of War {Slay+5}
 46484 | Snake:3  | Acquired 951 gold pieces
 46486 | Snake:3  | Acquired an amulet of regeneration
 46781 | Depths:1 | Entered Level 1 of the Depths
 46809 | Depths:1 | Noticed Saint Roka
 46817 | Depths:1 | Killed Saint Roka
 46818 | Depths:1 | Reached skill level 13 in Evocations
 47244 | Depths:1 | Found a gateway to Hell.
 47395 | Depths:1 | Lost mutation: You are partially covered in iridescent
                  | scales. (AC +2) [potion of mutation]
 47395 | Depths:1 | Lost mutation: You are covered in fur. (AC +1) [potion of
                  | mutation]
 47395 | Depths:1 | Gained mutation: Your muscles are strong. (Str +4, Int/Dex
                  | -1) [potion of mutation]
 47395 | Depths:1 | Gained mutation: Your natural rate of healing is unusually
                  | fast. [potion of mutation]
 47395 | Depths:1 | Gained mutation: You passively dampen the noise of your
                  | surroundings. [potion of mutation]
 47395 | Depths:1 | Gained mutation: You have sharp fingernails. [potion of
                  | mutation]
 47616 | Depths:1 | Found a white marble altar of Elyvilon.
 47620 | Depths:1 | Found a glowing silver altar of Zin.
 47640 | Depths:1 | Found a glowing golden altar of the Shining One.
 47817 | Depths:2 | Found a stormy altar of Qazlal.
 47822 | Depths:2 | Noticed Mara
 47833 | Depths:2 | Noticed LyinL's illusion
 47848 | Depths:2 | Killed Mara
 47928 | Depths:2 | Found Opanam's Distillery.
 47947 | Depths:2 | Noticed a caustic shrike
 47975 | Depths:2 | Noticed a caustic shrike
 47978 | Depths:2 | Noticed a caustic shrike
 47983 | Depths:2 | Killed a caustic shrike
 47983 | Depths:2 | Killed a caustic shrike
 47991 | Depths:2 | Killed a caustic shrike
 48177 | Depths:2 | Noticed a juggernaut
 48185 | Depths:2 | Noticed a juggernaut
 48197 | Depths:2 | Killed a juggernaut
 48208 | Depths:2 | Killed a juggernaut
 48209 | Depths:2 | Reached XP level 26. HP: 116/217 MP: 0/0
 48821 | Depths:2 | Found a broken altar of Ashenzari.
 48946 | Depths:2 | Found a one-way gate to the infinite horrors of the Abyss.
 48947 | Depths:2 | Found a corrupted altar of Lugonu.
 49179 | Depths:3 | Identified the +6 demon whip "Huxaeps" {flame, *Slow rN+++
                  | Str-4 Dex+9}
 49183 | Depths:3 | Found a one-way gateway to a ziggurat.
 49667 | Depths:4 | Entered Level 4 of the Depths
 49720 | Depths:4 | Found a gate to the Realm of Zot.
 50519 | Depths:3 | Voluntarily entered the Abyss.
 50520 | Abyss:1  | Found a corrupted altar of Lugonu.
 50794 | Abyss:2  | Found a corrupted altar of Lugonu.
 50921 | Abyss:3  | Reached XP level 27. HP: 186/223 MP: 0/0
 50921 | Abyss:3  | Learned a level 9 spell: Polar Vortex
 50936 | Abyss:3  | Got an abyssal rune of Zot
 51249 | Depths:3 | Escaped the Abyss
 51742 | Slime:1  | Entered Level 1 of the Pits of Slime
 52140 | Slime:4  | Found a viscous altar of Jiyva.
 52151 | Slime:4  | Identified the cursed +10 pearl dragon scales "Esoteric
                  | Repose" {rN+, Melee, Fort} (You found it on level 1 of the
                  | Depths)
 52269 | Slime:5  | Entered Level 5 of the Pits of Slime
 52353 | Slime:5  | Lost mutation: Your muscles are strong. (Str +4, Int/Dex
                  | -1) [a shining eye]
 52354 | Slime:5  | Gained mutation: Potions are less effective at restoring
                  | your health. [a shining eye]
 52380 | Slime:5  | Noticed the Royal Jelly
 52384 | Slime:5  | Reached skill level 14 in Evocations
 52386 | Slime:5  | Killed the Royal Jelly
 52438 | Slime:5  | Identified the +8 sling "Qywes" {freeze, rF+ Will+ Str+3
                  | Dex+4}
 52458 | Slime:5  | Identified Gaupnol's Handbook of Damage Dealing
 52472 | Slime:5  | Got a slimy rune of Zot
 52499 | Slime:5  | Found the +3 hat of Pondering {ponderous, Will+ MP+10
                  | Int+5}
 52645 | Slime:5  | Reached skill level 15 in Evocations
 52680 | Slime:5  | Identified the cursed +2 cloak "Chained Together" {rCorr,
                  | Self, Cun} (You bought it in a shop on level 5 of the
                  | Dungeon)
 53119 | Crypt:1  | Entered Level 1 of the Crypt
 53484 | Crypt:1  | Reached skill level 16 in Evocations
 53998 | Crypt:2  | Noticed an ancient lich
 54005 | Crypt:2  | Killed an ancient lich
 54006 | Crypt:2  | Reached skill level 17 in Evocations
 54011 | Crypt:2  | Found the +6 Majin-Bo {vamp, MP+6 Int+6}
 54685 | Crypt:3  | Entered Level 3 of the Crypt
 54726 | Crypt:3  | Noticed Vv
 54732 | Crypt:3  | Reached skill level 18 in Evocations
 54773 | Crypt:3  | Killed Vv
 54975 | Crypt:3  | Found a basalt altar of Yredelemnul.
 55167 | Crypt:3  | Noticed Boris
 55213 | Crypt:3  | Killed Boris
 55231 | Crypt:3  | Reached skill level 15 in Armour
 55478 | Crypt:3  | Found a staircase to the Tomb.
 55478 | Crypt:3  | Identified the ring "Fuismoz" {rPois rN+ Str+3}
 55478 | Crypt:3  | Identified the ring "Taisium" {rN+ Str+4}
 55478 | Crypt:3  | Identified the ring of Fixation {rN+ Str+4 Int+4}
 55478 | Crypt:3  | Noticed Khufu
 55486 | Crypt:3  | Killed Khufu
 55671 | Crypt:3  | Identified the +1 leather armour "Luagh" {rElec}
 55848 | Tomb:1   | Entered Level 1 of the Tomb of the Ancients
 56189 | Tomb:1   | Noticed a royal mummy
 56190 | Tomb:1   | Noticed a royal mummy
 56475 | Tomb:1   | Noticed a royal mummy
 56481 | Tomb:1   | Killed a royal mummy
 56668 | Tomb:1   | Noticed a royal mummy
 56670 | Tomb:1   | Noticed a royal mummy
 56709 | Tomb:1   | Noticed a royal mummy
 56824 | Tomb:2   | Noticed a royal mummy
 56824 | Tomb:2   | Noticed a royal mummy
 56825 | Tomb:2   | Noticed a royal mummy
 56826 | Tomb:2   | Noticed a royal mummy
 56829 | Tomb:2   | Killed a royal mummy
 56830 | Tomb:2   | Killed a royal mummy
 56833 | Tomb:2   | Killed a royal mummy
 56833 | Tomb:2   | Killed a royal mummy
 57296 | Tomb:1   | Noticed a royal mummy
 57301 | Tomb:1   | Killed a royal mummy
 57377 | Tomb:1   | Killed a royal mummy
 57695 | Tomb:1   | Killed a royal mummy
 57698 | Tomb:1   | Killed a royal mummy
 57749 | Tomb:1   | Noticed a royal mummy
 57759 | Tomb:1   | Noticed a royal mummy
 57767 | Tomb:1   | Killed a royal mummy
 57772 | Tomb:1   | Killed a royal mummy
 57891 | Tomb:1   | Noticed a royal mummy
 57893 | Tomb:1   | Noticed a royal mummy
 57898 | Tomb:1   | Noticed a royal mummy
 57899 | Tomb:1   | Killed a royal mummy
 57901 | Tomb:1   | Noticed a royal mummy
 57902 | Tomb:1   | Killed a royal mummy
 57903 | Tomb:1   | Noticed a royal mummy
 57905 | Tomb:1   | Killed a royal mummy
 57910 | Tomb:1   | Killed a royal mummy
 57943 | Tomb:1   | Killed a royal mummy
 58024 | Tomb:1   | Killed a royal mummy
 58069 | Tomb:1   | Killed a royal mummy
 58104 | Tomb:1   | Noticed a royal mummy
 58110 | Tomb:1   | Killed a royal mummy
 58207 | Tomb:1   | Noticed a royal mummy
 58208 | Tomb:1   | Noticed a royal mummy
 58215 | Tomb:1   | Killed a royal mummy
 58240 | Tomb:1   | Killed a royal mummy
 58463 | Tomb:3   | Entered Level 3 of the Tomb of the Ancients
 58483 | Tomb:3   | Noticed a royal mummy
 58503 | Tomb:3   | Noticed a royal mummy
 58506 | Tomb:3   | Killed a royal mummy
 58510 | Tomb:3   | Killed a royal mummy
 58528 | Tomb:3   | Identified the cursed scarf "Bound Oracle" {repulsion, Cun,
                  | Melee} (You found it on level 5 of the Pits of Slime)
 58670 | Tomb:3   | Noticed a royal mummy
 58677 | Tomb:3   | Killed a royal mummy
 58690 | Tomb:3   | Noticed a royal mummy
 58701 | Tomb:3   | Killed a royal mummy
 58855 | Tomb:3   | Noticed a royal mummy
 58867 | Tomb:3   | Noticed a royal mummy
 58867 | Tomb:3   | Noticed a royal mummy
 58873 | Tomb:3   | Killed a royal mummy
 58886 | Tomb:3   | Killed a royal mummy
 58963 | Tomb:3   | Noticed a royal mummy
 58974 | Tomb:3   | Noticed a royal mummy
 58986 | Tomb:3   | Killed a royal mummy
 58992 | Tomb:3   | Killed a royal mummy
 58998 | Tomb:3   | Killed a royal mummy
 59053 | Tomb:3   | Got a golden rune of Zot
 59169 | Tomb:3   | Identified the +7 war axe of Youthful Indiscretion {vorpal,
                  | rElec}
 59170 | Tomb:3   | Found the +7 Singing Sword {vorpal, sonic wave}
 59171 | Tomb:3   | Identified the ring of Division {Fly rElec rN+++ Will+
                  | Str-4}
 59172 | Tomb:3   | Identified the +6 double sword of Qosaryzo {protect, Contam
                  | rF++ Str+2 Int+8}
 59172 | Tomb:3   | Identified the +0 sling of Wurhepp {flame, rC+ rCorr}
 59173 | Tomb:3   | Identified the +0 pair of gloves of the Fiddle {rF+ rCorr
                  | Dex+4}
 60001 | Zot:1    | Entered Level 1 of the Realm of Zot
 61138 | Zot:2    | Reached skill level 19 in Evocations
 62231 | Zot:5    | Entered Level 5 of the Realm of Zot
 62231 | Zot:5    | Noticed a Killer Klown
 62239 | Zot:5    | Killed a Killer Klown
 62330 | Zig:1    | Entered Level 1 of a ziggurat
 62359 | Zig:2    | Entered Level 2 of a ziggurat
 62362 | Zig:2    | Identified the ring of Jeraisu {Wiz Int+7 Slay-5 Stlth+}
 62382 | Zig:3    | Entered Level 3 of a ziggurat
 62416 | Zig:4    | Entered Level 4 of a ziggurat
 62463 | Zig:5    | Entered Level 5 of a ziggurat
 62500 | Zig:6    | Entered Level 6 of a ziggurat
 62506 | Zig:6    | Noticed a juggernaut
 62506 | Zig:6    | Identified the +3 hand axe of the Gibberer {drain, rF- rC+
                  | Int+3}
 62513 | Zig:6    | Noticed a juggernaut
 62529 | Zig:6    | Killed a juggernaut
 62530 | Zig:6    | Killed a juggernaut
 62615 | Zig:6    | Lost mutation: Your natural rate of healing is unusually
                  | fast. [potion of mutation]
 62615 | Zig:6    | Lost mutation: You have sharp fingernails. [potion of
                  | mutation]
 62615 | Zig:6    | Gained mutation: You are clumsy. (Dex -2) [potion of
                  | mutation]
 62615 | Zig:6    | Lost mutation: You passively dampen the noise of your
                  | surroundings. [potion of mutation]
 62615 | Zig:6    | Lost mutation: You are clumsy. (Dex -2) [potion of
                  | mutation]
 62616 | Zig:6    | Lost mutation: Potions are less effective at restoring your
                  | health. [potion of mutation]
 62616 | Zig:6    | Gained mutation: Your spells are a little easier to cast,
                  | but a little less powerful. [potion of mutation]
 62616 | Zig:6    | Gained mutation: You are dopey. (Int -2) [potion of
                  | mutation]
 62616 | Zig:6    | Gained mutation: You have a somewhat thin skeletal
                  | structure. (Dex +2, Stealth+) [potion of mutation]
 62617 | Zig:6    | Lost mutation: Your spells are a little easier to cast, but
                  | a little less powerful. [potion of mutation]
 62617 | Zig:6    | Lost mutation: You have a somewhat thin skeletal structure.
                  | (Dex +2, Stealth+) [potion of mutation]
 62617 | Zig:6    | Gained mutation: Your flesh is almost immune to the effects
                  | of heat. (rF+++) [potion of mutation]
 62617 | Zig:6    | Gained mutation: You are very dopey. (Int -4) [potion of
                  | mutation]
 62624 | Zig:7    | Entered Level 7 of a ziggurat
 62631 | Zig:7    | Found the +12 pair of quick blades "Gyre" and "Gimble"
                  | {protect}
 62631 | Zig:7    | Noticed a Killer Klown
 62632 | Zig:7    | Noticed a Killer Klown
 62634 | Zig:7    | Killed a Killer Klown
 62638 | Zig:7    | Identified the +4 mace of Abomination {antimagic, rElec
                  | Dex+3}
 62638 | Zig:7    | Identified the +0 dagger of Generosity {drain, Fly}
 62639 | Zig:7    | Killed a Killer Klown
 62691 | Zig:8    | Entered Level 8 of a ziggurat
 62699 | Zig:8    | Identified the ring "Idwam" {*Slow rC+++ rN+ Will+ Dex+6}
 62699 | Zig:8    | Identified the ring of Buepirei {rPois Will++ Str+5 Int-4}
 62757 | Zig:9    | Entered Level 9 of a ziggurat
 62765 | Zig:9    | Identified the +5 broad axe of Mourning {speed, rElec rC+
                  | MP+9 Str+3}
 62767 | Zig:9    | Identified the ring of Noon {rElec rPois Str+3 Int+6}
 62769 | Zig:9    | Reached skill level 20 in Evocations
 62835 | Zig:10   | Entered Level 10 of a ziggurat
 62918 | Zig:11   | Entered Level 11 of a ziggurat
 62930 | Zig:11   | Noticed a juggernaut
 62937 | Zig:11   | Killed a juggernaut
 62977 | Zig:11   | Identified the Tome of Arcane Weapons
 62979 | Zig:11   | Identified the +1 chain mail of the Vaults {rF+ rC- rN+
                  | Dex+4}
 62979 | Zig:11   | Identified the ring of Morality {rPois Will+ Str+6}
 63013 | Zig:12   | Entered Level 12 of a ziggurat
 63024 | Zig:12   | Noticed a dread lich
 63030 | Zig:12   | Noticed an ancient lich
 63034 | Zig:12   | Killed a dread lich
 63044 | Zig:12   | Killed an ancient lich
 63045 | Zig:12   | Identified the ring of Suwiok {*Slow rCorr Str+7 Int+6}
 63108 | Zig:13   | Entered Level 13 of a ziggurat
 63112 | Zig:13   | Noticed a dread lich
 63123 | Zig:13   | Killed a dread lich
 63244 | Zig:13   | Identified the Precepts of the Glacial Pyre
 63290 | Zig:14   | Entered Level 14 of a ziggurat
 63301 | Zig:14   | Identified the ring "Uwkesch Bacir" {Fire MP+9 Str+3}
 63302 | Zig:14   | Identified the ring of Hiclaun {Will+ AC+4}
 63307 | Zig:14   | Identified the +4 spear "Kekic" {venom, *Rage Will+++ Dex+5
                  | Stlth+}
 63310 | Zig:14   | Reached skill level 21 in Evocations
 63482 | Zig:14   | Lost mutation: Your flesh is almost immune to the effects
                  | of heat. (rF+++) [potion of mutation]
 63482 | Zig:14   | Lost mutation: You are very dopey. (Int -4) [potion of
                  | mutation]
 63482 | Zig:14   | Lost mutation: You are dopey. (Int -2) [potion of mutation]
 63482 | Zig:14   | Gained mutation: Armour fits poorly on your strangely
                  | shaped body. [potion of mutation]
 63482 | Zig:14   | Gained mutation: You occasionally lose the ability to read
                  | scrolls when taking damage. [potion of mutation]
 63482 | Zig:14   | Gained mutation: You possess an exceptional clarity of
                  | mind. [potion of mutation]
 63483 | Zig:14   | Lost mutation: Armour fits poorly on your strangely shaped
                  | body. [potion of mutation]
 63483 | Zig:14   | Lost mutation: You occasionally lose the ability to read
                  | scrolls when taking damage. [potion of mutation]
 63483 | Zig:14   | Lost mutation: You possess an exceptional clarity of mind.
                  | [potion of mutation]
 63483 | Zig:14   | Gained mutation: You have a pair of small horns on your
                  | head. [potion of mutation]
 63483 | Zig:14   | Gained mutation: You are agile. (Dex +4, Str/Int -1)
                  | [potion of mutation]
 63484 | Zig:14   | Lost mutation: You have a pair of small horns on your head.
                  | [potion of mutation]
 63484 | Zig:14   | Lost mutation: You are agile. (Dex +4, Str/Int -1) [potion
                  | of mutation]
 63484 | Zig:14   | Gained mutation: Your flesh is almost immune to the effects
                  | of heat. (rF+++) [potion of mutation]
 63484 | Zig:14   | Lost mutation: Your flesh is almost immune to the effects
                  | of heat. (rF+++) [potion of mutation]
 63486 | Zig:15   | Entered Level 15 of a ziggurat
 63513 | Zig:15   | Found the +8 whip "Snakebite" {venom, curare, rPois}
 63513 | Zig:15   | Identified the +11 falchion "Eleuz" {flame, rF++ Dex+3}
 63518 | Zig:15   | Identified Pot Pot's Codex of Black Rites
 63608 | Zig:15   | Reached skill level 10 in Unarmed Combat
 63617 | Zig:16   | Entered Level 16 of a ziggurat
 63637 | Zig:16   | Identified the Tome of Frozen Bolts
 63643 | Zig:16   | Found the macabre finger necklace {rN+}
 63643 | Zig:16   | Identified the amulet "Eliskece" {Harm Regen+ Str-5 Int-2
                  | Dex+8}
 63751 | Zig:17   | Entered Level 17 of a ziggurat
 63766 | Zig:17   | Reached skill level 22 in Evocations
 63769 | Zig:17   | Identified the +4 scimitar "Iggetuh" {venom, Fly Dex+3
                  | SInv}
 63770 | Zig:17   | Identified the amulet "Ecejel" {RegenMP rF+ Int+2}
 63770 | Zig:17   | Found the +3 Elemental Staff {rElec rF++ rC++ AC+5}
 63865 | Zig:17   | Gained mutation: You have hidden genetic potential. [potion
                  | of mutation]
 63865 | Zig:17   | Gained mutation: Your body sometimes deteriorates upon
                  | taking damage. [potion of mutation]
 63880 | Zig:18   | Entered Level 18 of a ziggurat
 63890 | Zig:18   | Noticed a royal mummy
 63892 | Zig:18   | Noticed a royal mummy
 63894 | Zig:18   | Noticed a royal mummy
 63896 | Zig:18   | Noticed a royal mummy
 63903 | Zig:18   | Killed a royal mummy
 63907 | Zig:18   | Noticed a royal mummy
 63909 | Zig:18   | Killed a royal mummy
 63909 | Zig:18   | Killed a royal mummy
 63911 | Zig:18   | Noticed a royal mummy
 63914 | Zig:18   | Killed a royal mummy
 63914 | Zig:18   | Killed a royal mummy
 63914 | Zig:18   | Killed a royal mummy
 63970 | Zig:18   | Identified the +6 sling "Golell" {speed, rF+ rC+ Str+5}
 63973 | Zig:18   | Identified the ring of Jusedwur {Ice rPois Will++ Str-4
                  | Int+3}
 64170 | Zig:19   | Entered Level 19 of a ziggurat
 64187 | Zig:19   | Reached skill level 23 in Evocations
 64204 | Zig:19   | Identified the ring "Jeschil" {Int+6 Stlth+}
 64205 | Zig:19   | Identified the +6 trident of Ifimin {vorpal, Str+4}
 64205 | Zig:19   | Identified the Enchiridion on Deathly Blasting
 64206 | Zig:19   | Identified the ring of the Sharing Enemy {rPois rC+ rN+}
 64207 | Zig:19   | Identified the +1 chain mail of Happy Babbling {rPois rN+
                  | Int-4}
 64208 | Zig:19   | Identified the +9 short sword of Doom {vorpal, *Noise
                  | +Blink Int+6 Stlth+}
 64344 | Zig:20   | Entered Level 20 of a ziggurat
 64380 | Zig:20   | Reached skill level 24 in Evocations
 64382 | Zig:20   | Identified the +1 plate armour of Honesty {+Blink Str+3}
 64383 | Zig:20   | Identified the +2 morningstar "Acem" {vorpal, Dex+5}
 64383 | Zig:20   | Found the +10 zealot's sword {holy, *Rage rN+ EV+3}
 64383 | Zig:20   | Identified the +6 shortbow "Tormentor" {vorpal, rC+}
 64384 | Zig:20   | Identified the +5 ring mail of Ennui {rElec rCorr Slay-5}
 64384 | Zig:20   | Found the +10 morningstar "Eos" {elec, Halo rElec}
 64385 | Zig:20   | Identified the +9 hand axe of the Omega Point {venom, rElec
                  | rPois Stlth+}
 64386 | Zig:20   | Found the +8 lance "Wyrmbane" {slay drac, rPois rF+ rC+
                  | AC+3}
 64515 | Zig:20   | Lost mutation: You have hidden genetic potential. [potion
                  | of mutation]
 64515 | Zig:20   | Lost mutation: Your body sometimes deteriorates upon taking
                  | damage. [potion of mutation]
 64515 | Zig:20   | Gained mutation: Armour fits poorly on your strangely
                  | shaped body. [potion of mutation]
 64515 | Zig:20   | Gained mutation: You are partially covered in iridescent
                  | scales. (AC +2) [potion of mutation]
 64515 | Zig:20   | Gained mutation: Your spells are a little harder to cast,
                  | but a little more powerful. [potion of mutation]
 64516 | Zig:20   | Lost mutation: Armour fits poorly on your strangely shaped
                  | body. [potion of mutation]
 64516 | Zig:20   | Lost mutation: You are partially covered in iridescent
                  | scales. (AC +2) [potion of mutation]
 64516 | Zig:20   | Lost mutation: Your spells are a little harder to cast, but
                  | a little more powerful. [potion of mutation]
 64516 | Zig:20   | Gained mutation: Your muscles are strong. (Str +4, Int/Dex
                  | -1) [potion of mutation]
 64516 | Zig:20   | Gained mutation: You occasionally lose the ability to read
                  | scrolls when taking damage. [potion of mutation]
 64516 | Zig:20   | Gained mutation: You are agile. (Dex +4, Str/Int -1)
                  | [potion of mutation]
 64525 | Zig:20   | Lost mutation: You occasionally lose the ability to read
                  | scrolls when taking damage. [potion of mutation]
 64525 | Zig:20   | Lost mutation: You are agile. (Dex +4, Str/Int -1) [potion
                  | of mutation]
 64525 | Zig:20   | Lost mutation: Your muscles are strong. (Str +4, Int/Dex
                  | -1) [potion of mutation]
 64525 | Zig:20   | Gained mutation: You are partially covered in iridescent
                  | scales. (AC +2) [potion of mutation]
 64525 | Zig:20   | Lost mutation: You are partially covered in iridescent
                  | scales. (AC +2) [potion of mutation]
 64525 | Zig:20   | Gained mutation: Your natural rate of healing is unusually
                  | fast. [potion of mutation]
 64546 | Zig:21   | Entered Level 21 of a ziggurat
 64579 | Zig:21   | Identified the +6 plate armour of Depression {Contam rElec
                  | rN+++ Stlth+}
 64579 | Zig:21   | Identified the +1 pair of boots of the Iron City of Dis
                  | {rC+ Slay+2}
 64579 | Zig:21   | Identified the ring "Tipaco" {Will- MP-9 AC+4 Str+7 Int+9}
 64671 | Zig:22   | Entered Level 22 of a ziggurat
 64679 | Zig:22   | Noticed a royal mummy
 64681 | Zig:22   | Noticed a royal mummy
 64682 | Zig:22   | Noticed a royal mummy
 64686 | Zig:22   | Killed a royal mummy
 64686 | Zig:22   | Noticed a royal mummy
 64689 | Zig:22   | Killed a royal mummy
 64689 | Zig:22   | HP: 11/226 [something (22)]
 64689 | Zig:22   | Killed by a mummy priest's death curse

Illustrated notes

Levels and vault maps discovered:
D:1:      enne_arrival_octagon_isle, layout_loops_cross,
          hellmonk_ecumenical_altar_heavens_door, serial_shops,
          nicolae_shop_window_shopping
D:2:      layout_rooms, uniq_jessica
D:3:      cheibrodos_old_hovel, layout_basic, hellmonk_ghost_happy_afterlife,
          serial_shops, shop, kennysheep_generic_room_9
D:4:      layout_basic, serial_rivers, chequers_serial_rivers_micro_d,
          chequers_serial_rivers_micro_c, chequers_serial_rivers_micro_a,
          chequers_serial_rivers_small_3, chequers_serial_rivers_small_b,
          chequers_serial_rivers_micro_d
D:5:      layout_rooms, serial_shops, shop
D:6:      layout_rooms, temple_pool_b, serial_shops, shop, serial_bayou_pond_d,
          kennysheep_generic_room_3, uniq_maggie
D:7:      layout_layer_cave, slow_altar_1, serial_park_tiny_2,
          minmay_increasing_density, uniq_prince_ribbit1
D:8:      minmay_separated_statues, layout_basic, enter_bailey_4,
          grunt_decor_clamped, onia_ninara_dug_in_and_dangerous, uniq_grum
D:9:      layout_irregular_city, erik_lair_island, orc_0_dummy
D:10:     layout_roguey, mainiacjoe_overflow_boulevard,
          nicolae_trove_entry_path_of_doom, nicolae_stop_n_shop_1, uniq_psyche
D:11:     layout_loops_ring, hangedman_abyss_or_decor_stagger
D:12:     layout_cave_pods, uniq_erolcha, uniq_gastronok, uniq_josephine,
          uniq_sonja
D:13:     layout_basic, minmay_joined_circles
D:14:     layout_small_grid, skrybe_vaults_entry_preservation,
          chequers_serial_rivers_micro_e, vehumet_crystals, uniq_azrael
D:15:     hangedman_depths_entry_try_elsewhere_first, layout_cave_pools,
          corexii_corridor_pit, st_stairs_4, uniq_louise
Temple:   nicolae_temple_slightly_damp_pantheon
Lair:1:   layout_cave_pods
Lair:2:   layout_regular_city, shoals_dummy_entry, guppyfry_snake_entry_garden,
          grunt_megastairs_1, uniq_erica, uniq_nergalle
Lair:3:   layout_loops_ring, kennysheep_rathole
Lair:4:   layout_layer_cave, serial_bayou_shore_b, grunt_megastairs_2
Lair:5:   wormcave, layout_gridlike, minmay_slime_entry_oklob_enclosed,
          gammafunk_lair_bear_cave, lemuel_fruit_tree, lemuel_fruit_fields,
          uniq_urug
Shoals:1: layout_shoals, nicolae_shop_gadgets
Shoals:2: layout_shoals, nicolae_shoals_drake_roost, uniq_polyphemus
Shoals:3: layout_shoals, serial_shops, shop, st_shoals_ruin, uniq_donald,
          uniq_aizul
Shoals:4: shoals_end_grunt_garden, layout_shoals,
          nicolae_shoals_kraken_intersection, uniq_roxanne
Snake:1:  layout_chambers, minmay_shop_star
Snake:2:  layout_chambers, uniq_vashnia, uniq_mlioglotl
Snake:3:  layout_rooms, serial_shops, shop_fountains, special_room,
          grunt_ministairs_3, nicolae_specific_store,
          nicolae_snake_gridmaze_waves, minmay_shoptagon
Snake:4:  johnstein_snake_rune_scales, layout_misc_corridors, serial_shops,
          nicolae_shop_stone, st_stairs_12
Slime:1:  layout_caves
Slime:2:  layout_caves
Slime:3:  layout_caves
Slime:4:  layout_caves, basic_altar
Slime:5
Orc:1:    dreamdust_dug_too_deep, layout_caves, serial_shops, shop,
          gammafunk_ghost_cemetery
Orc:2:    pf_orc_diabolical, layout_caves, serial_shops, shop,
          gauntlet_entry_generic, basic_altar
Elf:1:    layout_geoelf_octagon, serial_shops, shop, hangedman_elf_disciples,
          nicolae_elf_big_sculpture_1
Elf:2:    nicolae_elf_blades_splatter_lattice [nicolae_blade_bullseye],
          layout_geoelf_grid
Elf:3:    minmay_elf_hall_statues, layout_loops_cross, st_stairs_3,
          nicolae_elf_hall_of_bonks
Vaults:1: st_smaller_cells, nicolae_vaults_little_squares_1, v_misc_3,
          vaults_dpeg_hooks, v_alt_pattern_5, v_misc_27, vaults_room_octagon,
          vaults_room_grid, v_misc_31, nicolae_vaults_diagonal_hallway_8,
          layout_vaults_ring
Vaults:2: nicolae_vaults_triangles, vaults_room_hallway, vaults_room_hallway,
          vaults_room_boxed, v_misc_15, v_misc_15, hangedman_vaults_maws,
          v_rooms_4, vaults_room_pool, ontoclasm_vaults_tryst,
          nicolae_vaults_little_squares_5, nicolae_vaults_circle_grid_b,
          vaults_room_stairs_pillars, nicolae_vaults_rhombus_5,
          layout_vaults_big_cross, uniq_asterion
Vaults:3: nicolae_vaults_asterisk, nicolae_vaults_angled_halls,
          ontoclasm_vaults_ring_square, ontoclasm_vaults_decontamination,
          nicolae_vaults_little_squares_3, minmay_crypt_entry_simple_walls,
          ontoclasm_vaults_hangar, st_star, nicolae_vaults_little_squares_1,
          ontoclasm_vaults_bender, v_misc_26, ontoclasm_vaults_ring_square,
          vaults_room_corners, ontoclasm_vaults_chip, nicolae_vaults_rhombus_5,
          vaults_room_semicircle, ontoclasm_vaults_gateway,
          layout_vaults_chaotic_city
Vaults:4: advil_vaults_ghost_lines, nicolae_vaults_murderbox,
          hangedman_vaults_stream, v_misc_25, nicolae_vaults_border_crossing,
          v_misc_9, hangedman_vaults_pinch, v_misc_10, ontoclasm_vaults_hangar,
          nicolae_vaults_network_square, nicolae_vaults_little_ls,
          ontoclasm_vaults_misaligned, nicolae_vaults_theta,
          layout_vaults_omnibox, serial_shops, bzr_entry_safe, uniq_boris
Vaults:5
Crypt:1:  layout_chaotic_city, minmay_misc_feat_alley,
          grunt_crypt_arrival_guarded_gate
Crypt:2:  minmay_guarded_unrand_majin_bo, layout_regular_city,
          grunt_ministairs_12, grunt_megastairs_3
Crypt:3:  grunt_crypt_end_deaths_head, uniq_vv
Tomb:1
Tomb:2:   uniq_khufu
Tomb:3
Depths:1: layout_honeycomb, chequers_big_river, hell_entry, nrook_mini_vaults,
          dreamdust_wishing_well, hallowed_hall, uniq_saint_roka
Depths:2: lemuel_castle_with_subvaults [lemuel_castle_interior_carwin_3],
          layout_gridlike, abyss_entry_flame_altar, rand_demon_pan_entry_4,
          serial_shops, nicolae_shop_hallway_plus, cheibrodos_ashenzari_chains,
          hell_entry, grunt_decor_mini_mirrors, minmay_misc_feat_tower,
          grunt_qazlal_clouds, uniq_mara
Depths:3: minmay_firetagon, layout_cave_pools, enter_ziggurat_a, abyss_entry,
          grunt_hell_entry_dis_old, minmay_staircase_bubble, firewood_loft
Depths:4: grunt_twist_and_shout, layout_basic, pf_hell_entry_tar_spiral,
          rand_demon_pan_entry_3, serial_bayou_shore_a
Zot:1:    layout_basic
Zot:2:    layout_twisted_circle, st_stairs_5
Zot:3:    lemuel_draconian_sentries, layout_onion_interference,
          grunt_ministairs_14, lemuel_golem_globe
Zot:4:    layout_gridville, lemuel_elevator, uniq_grunn, uniq_parghit,
          uniq_josephina
Zot:5:    layout_gridlike, lemuel_baited_zot_trap, grunt_ministairs_5
Zig:22

Skill      XL: |  1  2  3  4  5  6  7  8  9 10 11 12 13 14 15 16 17 18 19 20 21 22 23 24 25 26 27 |
---------------+----------------------------------------------------------------------------------+-----
Fighting       | 1 2 5 7 10 13 14 15 18 19 | 19.7
Spellcasting   | 4 5 7 8 10 11 12 13 14 15 16 17 19 20 | 20.7
Shields        | 3 6 7 8 9 12 14 16 23 | 23.3
Dodging        | 7 11 14 16 17 18 19 22 | 22.7
Evocations     | 2 11 13 24 | 24.0
Armour         | 1 2 12 14 23 | 23.8
Polearms       | 5 10 | 10.0
Unarmed Combat | 10 | 10.4
Stealth        | |  1.5

Action                   |  1- 3 |  4- 6 |  7- 9 | 10-12 | 13-15 | 16-18 | 19-21 | 22-24 | 25-27 || total
-------------------------+-------+-------+-------+-------+-------+-------+-------+-------+-------++-------
Melee: Rapier            |       |       |       |     3 |     1 |       |       |       |       ||     4
       Long sword        |       |       |       |       |     1 |       |       |       |       ||     1
       Double sword      |       |       |       |       |    11 |    11 |       |       |       ||    22
       Peck              |       |       |       |       |     5 |     3 |    20 |       |       ||    28
       Trishula          |       |       |       |       |       |     1 |    70 |   155 |  1019 ||  1245
       Unarmed           |       |       |       |       |       |       |       |       |    18 ||    18
       Tailslap          |       |       |       |       |       |       |       |       |     6 ||     6
       Bite              |       |       |       |       |       |       |       |       |     1 ||     1
       Lance             |       |       |       |       |       |       |       |       |     1 ||     1
 Cast: Magic Dart        |    61 |    43 |    55 |     1 |       |       |       |       |       ||   160
       Searing Ray       |     5 |     6 |    14 |    25 |    13 |       |     1 |       |       ||    64
       Scorch            |       |    23 |    38 |    90 |   101 |   154 |    71 |    26 |     8 ||   511
       Fulminant Prism   |       |     2 |    20 |    76 |    68 |    57 |    64 |   128 |    19 ||   434
       Iskenderun's Myst |       |       |     8 |    30 |    40 |    39 |    21 |    54 |    59 ||   251
       Sandblast         |       |       |     6 |     4 |     1 |       |     1 |       |     3 ||    15
       Animate Dead      |       |       |     1 |     4 |     7 |    11 |     5 |     9 |    37 ||    74
       Summon Forest     |       |       |       |     2 |    10 |    21 |    13 |     6 |    18 ||    70
       Lee's Rapid Decon |       |       |       |       |    89 |   258 |   179 |   163 |   304 ||   993
       Starburst         |       |       |       |       |       |    15 |    40 |     9 |    16 ||    80
       Monstrous Menager |       |       |       |       |       |     6 |    15 |     9 |    27 ||    57
       Conjure Ball Ligh |       |       |       |       |       |       |    24 |     5 |     2 ||    31
       Ignition          |       |       |       |       |       |       |       |    54 |   434 ||   488
       Dragon Form       |       |       |       |       |       |       |       |     2 |     6 ||     8
       Lehudib's Crystal |       |       |       |       |       |       |       |       |   152 ||   152
       Polar Vortex      |       |       |       |       |       |       |       |       |     1 ||     1
Invok: Curse Item        |       |       |       |     4 |     3 |     7 |     1 |       |     6 ||    21
       Shatter the Chain |       |       |       |       |     3 |     1 |     1 |       |     7 ||    12
 Abil: Evoke Invisibilit |       |       |       |       |       |       |     6 |     1 |       ||     7
       Breathe Fire      |       |       |       |       |       |       |       |     2 |     1 ||     3
       End Transformatio |       |       |       |       |       |       |       |     1 |     5 ||     6
Evoke: Condenser vane    |       |       |       |       |       |       |     2 |       |     3 ||     5
       Wand              |       |       |       |       |       |       |     6 |       |     7 ||    13
       Lightning rod     |       |       |       |       |       |       |     3 |       |       ||     3
       Box of beasts     |       |       |       |       |       |       |       |     1 |     6 ||     7
       Phial of floods   |       |       |       |       |       |       |       |       |     2 ||     2
       Figurine of a zig |       |       |       |       |       |       |       |       |     1 ||     1
       Tin of tremorston |       |       |       |       |       |       |       |       |     1 ||     1
  Use: Potion            |       |       |     2 |     3 |     1 |     1 |     3 |     7 |    32 ||    49
       Scroll            |       |       |       |       |       |     3 |     3 |     1 |    16 ||    23
 Stab: Sleeping          |       |       |       |     1 |     1 |       |       |       |     9 ||    11
       Distracted        |       |       |       |       |       |       |     1 |     4 |    18 ||    23
       Invisible         |       |       |       |       |       |       |     1 |       |       ||     1
       Confused          |       |       |       |       |       |       |       |       |     3 ||     3
       Paralysed         |       |       |       |       |       |       |       |       |     1 ||     1
Armor: Robe              |     2 |     2 |       |       |       |       |       |       |       ||     4
       Acid dragon scale |       |       |     4 |    13 |       |       |       |       |       ||    17
       Troll leather arm |       |       |       |     4 |     5 |    15 |    20 |     8 |    18 ||    70
       Skin              |       |       |       |       |     4 |       |       |       |    11 ||    15
       Pearl dragon scal |       |       |       |       |       |       |       |       |   245 ||   245
Dodge: Dodged            |     6 |     8 |    16 |    24 |    27 |    50 |   113 |    71 |   468 ||   783
       Repelled          |       |       |       |       |       |       |       |       |    16 ||    16
Block: Kite shield       |       |       |     2 |    23 |    25 |    63 |   168 |   110 |   313 ||   704
       Reflection        |       |       |       |       |       |       |    68 |    15 |    12 ||    95
       Other             |       |       |       |       |       |       |       |       |     4 ||     4
       Tower shield      |       |       |       |       |       |       |       |       |   427 ||   427
